Description

123

Replay - 2019-09-22 - (P)Harstem VS (Z)eonblu

Build Order

Get SALT Encoding   

  12  0:01  Probe  
  13  0:13  Probe  
  14  0:19  Pylon  
  14  0:25  Probe  
  15  0:33  Probe  
  15  0:40  Gateway  
  15  0:41  Probe  
  16  0:47  Assimilator  
  17  0:52  Probe  
  18  1:04  Probe  
  19  1:16  Probe  
  20  1:24  Nexus  
  20  1:34  Cybernetics Core  
  20  1:36  Probe  
  21  1:43  Assimilator  
  21  1:48  Probe  
  21  1:54  Pylon  
  23  2:02  Adept  
  23  2:12  Warp Gate  
  27  2:23  Stalker  
  27  2:25  Twilight Council  
  33  2:51  Robotics Facility  
  34  3:02  Resonating Glaives  
  35  3:08  Gateway x2  
  39  3:29  Warp Prism  
  39  3:33  Gateway x2  
  41  3:45  Pylon  
  42  3:51  Assimilator x2  
  43  4:06  Adept x3  
  43  4:07  Pylon x2  
  49  4:31  Adept x5  
  61  4:47  Dark Shrine  
  61  4:53  Adept  
Spawning Tool Build Advisor. Get it on Overwolf

Go to:

Details

  • Created by: vengar
  • Published on: Oct 01, 2019
  • Modified on: Oct 01, 2019
  • Patch: 4.7.1
Show
View Real Time Build Order
Export as new Build Order

Comments (0)

There are no comments. Be the first!

Create an account to comment!